Workbook

Sheet Hundar
A1: Regnr | B1: Namn | C1: Kön | D1: Födelseår | E1: Eget MH | F1: Avelsvärde Socialitet | G1: Avelsvärde Lek | H1: Avelsvärde Nyfikenhet / Orädsla | I1: Avelsvärde Avståndslek | J1: Avelsvärde Jakt | K1: Avelsvärde Aggressivitet | L1: Avelsvärde Skott | M1: Säkerhet Socialitet | N1: Säkerhet Lek | O1: Säkerhet Nyfikenhet / Orädsla | P1: Säkerhet Avståndslek | Q1: Säkerhet Jakt | R1: Säkerhet Aggressivitet | S1: Säkerhet Skott
A2: SE25227/2015 | B2: ACTIVE STAR'S ALIOTH | C2: H | D2: 2015 | E2: Ja | F2: 105.76411 | G2: 106.42091 | H2: 115.84415 | I2: 110.09639 | J2: 115.67358 | K2: 95.298096 | L2: 92.379273 | M2: 0.61537582 | N2: 0.65874609 | O2: 0.61927284 | P2: 0.59002051 | Q2: 0.55525575 | R2: 0.56289634 | S2: 0.50041813
A3: SE25228/2015 | B3: ACTIVE STAR'S ALPHARD | C3: H | D3: 2015 | E3: Ja | F3: 97.654244 | G3: 105.18214 | H3: 112.52868 | I3: 107.45902 | J3: 103.59136 | K3: 99.461985 | L3: 90.360696 | M3: 0.61537582 | N3: 0.65874609 | O3: 0.61927284 | P3: 0.59002051 | Q3: 0.55525575 | R3: 0.56289634 | S3: 0.50041813
A4: SE25229/2015 | B4: ACTIVE STAR'S ANTARES | C4: H | D4: 2015 | E4: Nej | F4: 102.58805 | G4: 107.44166 | H4: 113.23745 | I4: 106.34539 | J4: 105.70038 | K4: 97.877132 | L4: 92.099815 | M4: 0.49614274 | N4: 0.52197147 | O4: 0.49788241 | P4: 0.48177362 | Q4: 0.45877063 | R4: 0.46229586 | S4: 0.41981405
A5: SE25226/2015 | B5: ACTIVE STAR'S ARGO | C5: H | D5: 2015 | E5: Ja | F5: 103.0635 | G5: 108.89843 | H5: 115.01385 | I5: 107.45902 | J5: 113.25715 | K5: 99.461985 | L5: 92.379273 | M5: 0.61537582 | N5: 0.65874609 | O5: 0.61927284 | P5: 0.59002051 | Q5: 0.55525575 | R5: 0.56289634 | S5: 0.50041813
A6: SE25230/2015 | B6: ACTIVE STAR'S ARIES | C6: T | D6: 2015 | E6: Ja | F6: 104.75822 | G6: 115.13783 | H6: 114.5234 | I6: 105.60674 | J6: 96.477833 | K6: 100.33322 | L6: 86.455583 | M6: 0.70116375 | N6: 0.74315057 | O6: 0.70501572 | P6: 0.67572817 | Q6: 0.63970446 | R6: 0.64773579 | S6: 0.58036463
A7: SE52903/2016 | B7: ACTIVE STAR'S BECRUX | C7: H | D7: 2016 | E7: Ja | F7: 100.37337 | G7: 115.63392 | H7: 126.78888 | I7: 115.91524 | J7: 112.82098 | K7: 115.40303 | L7: 88.901288 | M7: 0.62672087 | N7: 0.67315817 | O7: 0.63051261 | P7: 0.60354625 | Q7: 0.56801421 | R7: 0.57296086 | S7: 0.5091129
A8: SE52904/2016 | B8: ACTIVE STAR'S BEID | C8: T | D8: 2016 | E8: Ja | F8: 96.039962 | G8: 104.66 | H8: 110.87551 | I8: 106.41898 | J8: 114.21775 | K8: 111.51715 | L8: 90.615348 | M8: 0.62670276 | N8: 0.67313171 | O8: 0.63049399 | P8: 0.60352664 | Q8: 0.56799557 | R8: 0.57294446 | S8: 0.50909717
A9: SE52907/2016 | B9: ACTIVE STAR'S BELLATRIX | C9: T | D9: 2016 | E9: Ja | F9: 108.03291 | G9: 115.80616 | H9: 119.15813 | I9: 105.64228 | J9: 115.60684 | K9: 111.59741 | L9: 90.074038 | M9: 0.63334955 | N9: 0.67602208 | O9: 0.63761919 | P9: 0.60691078 | Q9: 0.57093065 | R9: 0.57970276 | S9: 0.51260644
A10: SE52906/2016 | B10: ACTIVE STAR'S BETRIA | C10: T | D10: 2016 | E10: Ja | F10: 100.51209 | G10: 116.64338 | H10: 124.3929 | I10: 109.63648 | J10: 130.42487 | K10: 113.03036 | L10: 86.553471 | M10: 0.67904054 | N10: 0.7234248 | O10: 0.68301924 | P10: 0.65505775 | Q10: 0.61888356 | R10: 0.62517758 | S10: 0.55814008
A11: SE52905/2016 | B11: ACTIVE STAR'S BEXA | C11: T | D11: 2016 | E11: Ja | F11: 104.14983 | G11: 117.04762 | H11: 124.14905 | I11: 110.37306 | J11: 117.8424 | K11: 111.51715 | L11: 88.596799 | M11: 0.62670276 | N11: 0.67313171 | O11: 0.63049399 | P11: 0.60352664 | Q11: 0.56799557 | R11: 0.57294446 | S11: 0.50909717
A12: SE36727/2017 | B12: ACTIVE STAR'S CAPELLA | C12: T | D12: 2017 | E12: Ja | F12: 117.151 | G12: 113.41313 | H12: 116.74823 | I12: 124.13546 | J12: 115.07068 | K12: 91.197146 | L12: 95.740314 | M12: 0.66873344 | N12: 0.70277664 | O12: 0.671771 | P12: 0.64830342 | Q12: 0.62026938 | R12: 0.62656358 | S12: 0.57406695
A13: SE36726/2017 | B13: ACTIVE STAR'S CASSIOPEIA | C13: T | D13: 2017 | E13: Ja | F13: 114.45045 | G13: 117.12942 | H13: 121.72436 | I13: 124.13546 | J13: 116.2789 | K13: 91.197146 | L13: 87.66606 | M13: 0.66873344 | N13: 0.70277664 | O13: 0.671771 | P13: 0.64830342 | Q13: 0.62026938 | R13: 0.62656358 | S13: 0.57406695
... A30: SE51236/2015 | B30: ADVOKÁT BEZ HRANIC | C30: H | D30: 2015 | E30: Ja | F30: 104.3434 | G30: 110.15003 | H30: 110.10217 | I30: 97.868628 | J30: 113.20474 | K30: 94.617466 | L30: 93.038841 | M30: 0.51430866 | N30: 0.56724372 | O30: 0.52079186 | P30: 0.4788415 | Q30: 0.43601235 | R30: 0.45028085 | S30: 0.37618194
A31: SE41946/2013 | B31: AIMÉ | C31: T | D31: 2009 | E31: Nej | F31: 106.57632 | G31: 109.89659 | H31: 109.21212 | M31: 0.30893068 | N31: 0.32261479 | O31: 0.30378692 | P31: 0.29878785 | Q31: 0.2815587 | R31: 0.28108738 | S31: 0.2448654
A32: NO39042/11 | B32: ALERTNESS AMENITY | C32: T | D32: 2011 | E32: Ja | F32: 100.37041 | G32: 107.44189 | H32: 88.523045 | I32: 117.91066 | J32: 112.99399 | K32: 86.793215 | L32: 115.87993 | M32: 0.65930767 | N32: 0.69316639 | O32: 0.6611085 | P32: 0.63660768 | Q32: 0.60627268 | R32: 0.61159244 | S32: 0.53747128
A33: NO49553/13 | B33: ALERTNESS BRAINSTORM | C33: H | D33: 2013 | E33: Ja | F33: 99.241533 | G33: 121.81219 | H33: 120.41394 | I33: 109.52439 | J33: 106.70408 | K33: 112.63907 | L33: 95.44707 | M33: 0.61425016 | N33: 0.65978769 | O33: 0.61792129 | P33: 0.58634293 | Q33: 0.54837565 | R33: 0.55695791 | S33: 0.48636946
A34: NO39044/11 | B34: ALERTNESS CLARITY | C34: T | D34: 2011 | E34: Ja | F34: 100.37041 | G34: 107.14393 | H34: 87.787384 | I34: 106.04848 | J34: 109.36929 | K34: 85.065067 | L34: 113.58726 | M34: 0.65930767 | N34: 0.6579097 | O34: 0.63923341 | P34: 0.63660768 | Q34: 0.60627268 | R34: 0.58917486 | S34: 0.46781815
A35: NO54717/19 | B35: ALERTNESS FEEL THE BURN | C35: H | D35: 2019 | E35: Ja | F35: 104.95555 | G35: 106.68424 | H35: 97.682495 | I35: 99.742966 | J35: 103.20205 | K35: 106.28345 | L35: 108.22257 | M35: 0.60497989 | N35: 0.6503147 | O35: 0.60815644 | P35: 0.57744383 | Q35: 0.53906949 | R35: 0.54563861 | S35: 0.46667061
A36: SE59117/2011 | B36: ALERTNESS JOLLITY | C36: T | D36: 2011 | E36: Ja | F36: 106.46867 | G36: 94.563285 | H36: 84.453009 | I36: 108.15503 | J36: 108.62258 | K36: 79.635416 | L36: 119.7517 | M36: 0.72058797 | N36: 0.74461054 | O36: 0.71251706 | P36: 0.68945006 | Q36: 0.66207641 | R36: 0.6588881 | S36: 0.55894677
A37: NO54718/19 | B37: ALERTNESS MIND THE GAP | C37: H | D37: 2019 | E37: Ja | F37: 104.95555 | G37: 109.16176 | H37: 98.51282 | I37: 99.742966 | J37: 103.20205 | K37: 116.69007 | L37: 104.18543 | M37: 0.60497989 | N37: 0.6503147 | O37: 0.60815644 | P37: 0.57744383 | Q37: 0.53906949 | R37: 0.54563861 | S37: 0.46667061
A38: NO39040/11 | B38: ALERTNESS SERENITY | C38: T | D38: 2011 | E38: Ja | F38: 100.37041 | G38: 111.16334 | H38: 88.523045 | I38: 115.27727 | J38: 116.61864 | K38: 84.714369 | L38: 113.58726 | M38: 0.65930767 | N38: 0.6579097 | O38: 0.6611085 | P38: 0.63660768 | Q38: 0.60627268 | R38: 0.61159244 | S38: 0.46781815
A39: NO49556/13 | B39: ALERTNESS SOLAR STORM | C39: T | D39: 2013 | E39: Ja | F39: 101.70918 | G39: 119.98187 | H39: 114.62734 | I39: 104.51437 | J39: 104.10383 | K39: 118.61165 | L39: 97.907173 | M39: 0.64601072 | N39: 0.69155957 | O39: 0.64971865 | P39: 0.61831635 | Q39: 0.57974413 | R39: 0.5881829 | S39: 0.51599387
A40: NO49548/13 | B40: ALERTNESS STORM CHASER | C40: H | D40: 2013 | E40: Nej | F40: 96.009754 | G40: 114.58107 | H40: 112.67789 | I40: 102.13982 | J40: 105.80926 | K40: 115.20758 | L40: 97.725881 | M40: 0.4952496 | N40: 0.52573564 | O40: 0.49697212 | P40: 0.47719679 | Q40: 0.44956277 | R40: 0.4542455 | S40: 0.40156892
A41: NO49557/13 | B41: ALERTNESS STORM OF APPLAUSE | C41: T | D41: 2013 | E41: Ja | F41: 103.00986 | G41: 119.5096 | H41: 117.77411 | I41: 105.29886 | J41: 112.93376 | K41: 114.99586 | L41: 95.142582 | M41: 0.6142829 | N41: 0.65982261 | O41: 0.61795658 | P41: 0.58638103 | Q41: 0.54840999 | R41: 0.55699781 | S41: 0.48640622
A42: NO49554/13 | B42: ALERTNESS STORM PETREL | C42: T | D42: 2013 | E42: Ja | F42: 95.334661 | G42: 116.31592 | H42: 115.90602 | I42: 100.12437 | J42: 103.50898 | K42: 121.52656 | L42: 102.88212 | M42: 0.61463353 | N42: 0.66022893 | O42: 0.61833175 | P42: 0.58675882 | Q42: 0.54877284 | R42: 0.55735098 | S42: 0.48677362
A43: SE50145/2014 | B43: ALERTNESS STORM TROOPER | C43: H | D43: 2013 | E43: Ja | F43: 93.832253 | G43: 113.14089 | H43: 112.95264 | I43: 98.978913 | J43: 107.91234 | K43: 112.63907 | L43: 95.44707 | M43: 0.61425016 | N43: 0.65978769 | O43: 0.61792129 | P43: 0.58634293 | Q43: 0.54837565 | R43: 0.55695791 | S43: 0.48636946
... A49: VDHABRHCOK814 | B49: ANETTE'S EMOTION BRADY | C49: H | D49: 2011 | E49: Nej | F49: 100.38243 | G49: 107.99666 | H49: 107.56594 | I49: 108.41414 | J49: 108.76692 | K49: 106.00207 | L49: 93.286824 | M49: 0.48747253 | N49: 0.52612523 | O49: 0.49097598 | P49: 0.46309777 | Q49: 0.43036941 | R49: 0.43870403 | S49: 0.38095303
A50: NO51984/22 | B50: ANKARU'S AN ACE TO KEEP | C50: T | D50: 2022 | E50: Nej | F50: 105.77678 | G50: 97.554177 | H50: 92.93035 | I50: 100.7235 | J50: 95.551867 | K50: 103.31921 | M50: 0.38623712 | N50: 0.40929012 | O50: 0.38308766 | P50: 0.36898569 | Q50: 0.34561196 | R50: 0.3458396 | S50: 0.28609873
A51: SE47818/2024 | B51: ANKARU'S EVERYDAY HERO | C51: H | D51: 2024 | E51: Nej | F51: 104.75215 | G51: 97.073297 | H51: 99.262172 | I51: 103.07628 | J51: 100.37157 | K51: 99.723306 | L51: 106.43679 | M51: 0.41165957 | N51: 0.43002693 | O51: 0.40874199 | P51: 0.39469379 | Q51: 0.37327214 | R51: 0.37480786 | S51: 0.31668032
A52: SE39242/2024 | B52: ANKARU'S EYE CATCHER | C52: H | D52: 2024 | E52: Nej | F52: 104.75215 | G52: 97.073297 | H52: 99.262172 | I52: 103.07628 | J52: 100.37157 | K52: 99.723306 | L52: 106.43679 | M52: 0.41165957 | N52: 0.43002693 | O52: 0.40874199 | P52: 0.39469379 | Q52: 0.37327214 | R52: 0.37480786 | S52: 0.31668032
A53: SE54314/2012 | B53: ANUSCHKA DAVINJO | C53: T | D53: 2012 | E53: Ja | F53: 103.63223 | G53: 96.395349 | H53: 109.2364 | I53: 100.37562 | J53: 112.08401 | K53: 97.47366 | L53: 95.391402 | M53: 0.51384694 | N53: 0.56907404 | O53: 0.52044037 | P53: 0.4744641 | Q53: 0.42596924 | R53: 0.44250422 | S53: 0.34729035
A54: SE41708/2020 | B54: ARTHUR WEASLEY BIG BANG BOHEMIA | C54: H | D54: 2019 | E54: Ja | F54: 107.10949 | G54: 118.8055 | H54: 115.56418 | I54: 110.12537 | J54: 120.33296 | K54: 98.802379 | L54: 98.14006 | M54: 0.52076808 | N54: 0.57431982 | O54: 0.52709225 | P54: 0.48572621 | Q54: 0.4424936 | R54: 0.45621158 | S54: 0.38117419
A55: S53695/2006 | B55: ASANDZAN AROXINA | C55: T | D55: 2006 | E55: Ja | F55: 103.13821 | G55: 117.20438 | H55: 101.42305 | I55: 107.67778 | J55: 99.131184 | K55: 107.75797 | L55: 94.247364 | M55: 0.54281719 | N55: 0.59537024 | O55: 0.54942016 | P55: 0.50643246 | Q55: 0.46254576 | R55: 0.47769915 | S55: 0.40142888
A56: S66477/2004 | B56: ASTOLAT'S ACER-ACRIS | C56: H | D56: 2004 | E56: Nej | F56: 104.21658 | G56: 102.28074 | H56: 94.110458 | I56: 98.918969 | J56: 103.03107 | K56: 92.378579 | L56: 94.932492 | M56: 0.48165531 | N56: 0.49910118 | O56: 0.46673715 | P56: 0.46159266 | Q56: 0.433326 | R56: 0.43045838 | S56: 0.34741088
A57: S66479/2004 | B57: ASTOLAT'S AKLEJA-ASPERA | C57: T | D57: 2004 | E57: Ja | F57: 101.71771 | G57: 98.391425 | H57: 90.224027 | I57: 97.60315 | J57: 100.51434 | K57: 91.73119 | L57: 92.693975 | M57: 0.60729237 | N57: 0.64793816 | O57: 0.60183128 | P57: 0.57840828 | Q57: 0.53933079 | R57: 0.54284598 | S57: 0.45120726
A58: S66480/2004 | B58: ASTOLAT'S ALTER-ALCEA | C58: T | D58: 2004 | E58: Nej | F58: 104.21658 | G58: 102.28074 | H58: 94.110458 | I58: 98.918969 | J58: 103.03107 | K58: 92.378579 | L58: 94.932492 | M58: 0.48165531 | N58: 0.49910118 | O58: 0.46673715 | P58: 0.46159266 | Q58: 0.433326 | R58: 0.43045838 | S58: 0.34741088
A59: S66478/2004 | B59: ASTOLAT'S ASTER-ATRA | C59: T | D59: 2004 | E59: Nej | F59: 104.21658 | G59: 102.28074 | H59: 94.110458 | I59: 98.918969 | J59: 103.03107 | K59: 92.378579 | L59: 94.932492 | M59: 0.48165531 | N59: 0.49910118 | O59: 0.46673715 | P59: 0.46159266 | Q59: 0.433326 | R59: 0.43045838 | S59: 0.34741088
A60: S64597/2005 | B60: ASTOLAT'S BOMBAX BONANOX | C60: H | D60: 2005 | E60: Nej | F60: 104.21658 | G60: 102.28074 | H60: 94.110458 | I60: 98.918969 | J60: 103.03107 | K60: 92.378579 | L60: 94.932492 | M60: 0.48165531 | N60: 0.49910118 | O60: 0.46673715 | P60: 0.46159266 | Q60: 0.433326 | R60: 0.43045838 | S60: 0.34741088
A61: S64598/2005 | B61: ASTOLAT'S BROCCOLI BOLBITIS | C61: H | D61: 2005 | E61: Ja | F61: 103.51447 | G61: 105.1646 | H61: 95.885242 | I61: 96.735645 | J61: 105.03663 | K61: 93.939319 | L61: 92.18721 | M61: 0.60733048 | N61: 0.64790726 | O61: 0.60183797 | P61: 0.57843221 | Q61: 0.53937098 | R61: 0.54289328 | S61: 0.4511999
A62: S64599/2005 | B62: ASTOLAT'S BRUNELLA BRASSICA | C62: T | D62: 2005 | E62: Nej | F62: 104.21658 | G62: 102.28074 | H62: 94.110458 | I62: 98.918969 | J62: 103.03107 | K62: 92.378579 | L62: 94.932492 | M62: 0.48165531 | N62: 0.49910118 | O62: 0.46673715 | P62: 0.46159266 | Q62: 0.433326 | R62: 0.43045838 | S62: 0.34741088
... A127: SE15512/2020 | B127: BALTIMOORE FULL OF MOON N' STARS | C127: T | D127: 2020 | E127: Ja | F127: 99.907793 | G127: 102.5287 | H127: 110.43789 | I127: 98.796499 | J127: 108.24036 | K127: 102.6914 | L127: 105.11065 | M127: 0.68695675 | N127: 0.72828742 | O127: 0.68979923 | P127: 0.66044277 | Q127: 0.62475493 | R127: 0.63193579 | S127: 0.54957446
A128: CMKU/CK/761/13 | B128: BAMBOOCHA AL BADER | C128: T | D128: 2013 | E128: Nej | G128: 104.55228 | M128: 0.27885543 | N128: 0.3024811 | O128: 0.28082163 | P128: 0.26454454 | Q128: 0.24321976 | R128: 0.24774739 | S128: 0.21293216
A129: FIN18052/00 | B129: BAUBON'S TIKTAK | C129: T | D129: 2000 | E129: Nej | F129: 107.04854 | G129: 108.94235 | H129: 97.423855 | I129: 104.33499 | J129: 117.51163 | K129: 100.63944 | L129: 101.53754 | M129: 0.3896197 | N129: 0.40525305 | O129: 0.39052972 | P129: 0.37800442 | Q129: 0.3612874 | R129: 0.36527957 | S129: 0.33017218
A130: FIN19348/06 | B130: BELL PEPPER'S GHOST BUSTER | C130: H | D130: 2006 | E130: Nej | F130: 98.134685 | G130: 105.81513 | H130: 91.034162 | I130: 96.691019 | J130: 112.95915 | K130: 87.532736 | L130: 104.93884 | M130: 0.57632945 | N130: 0.6107064 | O130: 0.57934649 | P130: 0.55232935 | Q130: 0.52076721 | R130: 0.52997157 | S130: 0.46929477
A131: FIN21818/08 | B131: BELL PEPPER'S HEADLIGHT AIM | C131: T | D131: 2008 | E131: Nej | F131: 100.76934 | G131: 103.20925 | H131: 94.915577 | M131: 0.30884099 | N131: 0.32344251 | O131: 0.30918271 | P131: 0.29708207 | Q131: 0.27901344 | R131: 0.28263563 | S131: 0.23932603
A132: S35021/2009 | B132: BETTY-BOOP | C132: T | D132: 2009 | E132: Nej | F132: 110.16577 | G132: 116.52518 | H132: 116.97812 | I132: 123.96413 | J132: 120.29305 | K132: 113.50684 | L132: 90.467234 | M132: 0.45587421 | N132: 0.48240159 | O132: 0.45774479 | P132: 0.43982948 | Q132: 0.41666861 | R132: 0.42140601 | S132: 0.37584271
A133: S35019/2009 | B133: BIGGLES | C133: H | D133: 2009 | E133: Nej | F133: 110.16577 | G133: 116.52518 | H133: 116.97812 | I133: 123.96413 | J133: 120.29305 | K133: 113.50684 | L133: 90.467234 | M133: 0.45587421 | N133: 0.48240159 | O133: 0.45774479 | P133: 0.43982948 | Q133: 0.41666861 | R133: 0.42140601 | S133: 0.37584271
A134: S35016/2009 | B134: BLONDIE | C134: T | D134: 2009 | E134: Nej | F134: 110.16577 | G134: 116.52518 | H134: 116.97812 | I134: 123.96413 | J134: 120.29305 | K134: 113.50684 | L134: 90.467234 | M134: 0.45587421 | N134: 0.48240159 | O134: 0.45774479 | P134: 0.43982948 | Q134: 0.41666861 | R134: 0.42140601 | S134: 0.37584271
A135: SE13247/2011 | B135: BLUE PETIPA'S AFRA AKIKO | C135: T | D135: 2010 | E135: Ja | F135: 106.97361 | G135: 126.50353 | H135: 127.08685 | I135: 113.66069 | J135: 133.3835 | K135: 116.97105 | L135: 93.362528 | M135: 0.70319807 | N135: 0.73626109 | O135: 0.70357971 | P135: 0.68046176 | Q135: 0.65052234 | R135: 0.65649352 | S135: 0.59576368
A136: SE13246/2011 | B136: BLUE PETIPA'S ASSEB ALBATROSS | C136: H | D136: 2010 | E136: Ja | F136: 108.49099 | G136: 117.50024 | H136: 125.41783 | I136: 118.1237 | J136: 118.62222 | K136: 110.82338 | L136: 89.804094 | M136: 0.72776524 | N136: 0.74235691 | O136: 0.67037813 | P136: 0.70296234 | Q136: 0.67078292 | R136: 0.64544961 | S136: 0.56662443
A137: SE13246/2011 | B137: BLUE PETIPA'S ASSEB ALBATROSS | C137: H | D137: 2010 | E137: Ja | F137: 108.49099 | G137: 117.50024 | H137: 125.41783 | I137: 118.1237 | J137: 118.62222 | K137: 110.82338 | L137: 89.804094 | M137: 0.72776524 | N137: 0.74235691 | O137: 0.67037813 | P137: 0.70296234 | Q137: 0.67078292 | R137: 0.64544961 | S137: 0.56662443
A138: SE13245/2011 | B138: BLUE PETIPA'S AZIZ AZAZEL | C138: H | D138: 2010 | E138: Nej | F138: 108.04088 | G138: 115.03034 | H138: 119.70048 | I138: 116.77199 | J138: 126.09887 | K138: 112.93788 | L138: 92.782598 | M138: 0.57973231 | N138: 0.59582808 | O138: 0.57562132 | P138: 0.56610441 | Q138: 0.54686158 | R138: 0.54809037 | S138: 0.50430837
A139: SE54693/2013 | B139: BLUE PETIPA'S BAAKO LE BOSSU | C139: H | D139: 2013 | E139: Ja | F139: 112.42289 | G139: 106.86016 | H139: 117.51067 | I139: 116.97978 | J139: 128.27584 | K139: 116.92587 | L139: 91.327068 | M139: 0.66896007 | N139: 0.70064862 | O139: 0.6687754 | P139: 0.64654312 | Q139: 0.61781632 | R139: 0.62352302 | S139: 0.56505222
A140: SE54694/2013 | B140: BLUE PETIPA'S BAM BAM BIGELOW | C140: H | D140: 2013 | E140: Ja | F140: 107.02172 | G140: 106.86016 | H140: 122.49259 | I140: 110.38839 | J140: 124.65114 | K140: 116.92587 | L140: 91.327068 | M140: 0.66896007 | N140: 0.70064862 | O140: 0.6687754 | P140: 0.64654312 | Q140: 0.61781632 | R140: 0.62352302 | S140: 0.56505222
A141: SE54692/2013 | B141: BLUE PETIPA'S BARABBAS BADRAK | C141: H | D141: 2013 | E141: Nej | F141: 108.04088 | G141: 115.03034 | H141: 119.70048 | I141: 116.77199 | J141: 126.09887 | K141: 112.93788 | L141: 92.782598 | M141: 0.57973231 | N141: 0.59582808 | O141: 0.57562132 | P141: 0.56610441 | Q141: 0.54686158 | R141: 0.54809037 | S141: 0.50430837
A142: SE54691/2013 | B142: BLUE PETIPA'S BELLDANDY BELLAMONTIE | C142: T | D142: 2013 | E142: Ja | F142: 104.67416 | G142: 107.44653 | H142: 126.85961 | I142: 118.43598 | J142: 127.01464 | K142: 116.40501 | L142: 91.967159 | M142: 0.74117426 | N142: 0.77171331 | O142: 0.74221603 | P142: 0.71883051 | Q142: 0.68935679 | R142: 0.69659601 | S142: 0.63493017
A143: SE54690/2013 | B143: BLUE PETIPA'S BICCA BIFENGXIA | C143: T | D143: 2013 | E143: Ja | F143: 110.79005 | G143: 105.79633 | H143: 119.01664 | I143: 118.02902 | J143: 123.63143 | K143: 115.12503 | L143: 91.02258 | M143: 0.66897626 | N143: 0.700662 | O143: 0.66878662 | P143: 0.64656064 | Q143: 0.6178327 | R143: 0.62353739 | S143: 0.5650658
... A189: FIN10650/04 | B189: CALIBRA'S DEJA VU | C189: T | D189: 2003 | E189: Nej | F189: 106.385 | G189: 107.36755 | H189: 97.94657 | I189: 100.18896 | J189: 111.5853 | K189: 98.001031 | L189: 98.478675 | M189: 0.3898004 | N189: 0.40971949 | O189: 0.39026808 | P189: 0.37542266 | Q189: 0.35523406 | R189: 0.35986639 | S189: 0.31976715
A190: FIN10648/04 | B190: CALIBRA'S DREAM VEAWER | C190: T | D190: 2003 | E190: Nej | F190: 105.32564 | G190: 107.54357 | H190: 97.253563 | I190: 102.18048 | J190: 110.07059 | K190: 97.061268 | M190: 0.32721705 | N190: 0.34066253 | O190: 0.32660698 | P190: 0.31757826 | Q190: 0.30208825 | R190: 0.30453723 | S190: 0.27273229
A191: FIN10648/04 | B191: CALIBRA'S DREAM VEAWER | C191: T | D191: 2003 | E191: Nej | F191: 105.32564 | G191: 107.54357 | H191: 97.253563 | I191: 102.18048 | J191: 110.07059 | K191: 97.061268 | M191: 0.32721705 | N191: 0.34066253 | O191: 0.32660698 | P191: 0.31757826 | Q191: 0.30208825 | R191: 0.30453723 | S191: 0.27273229
A192: FIN10647/04 | B192: CALIBRA'S DROP OF HONEY | C192: T | D192: 2003 | E192: Nej | F192: 105.58862 | G192: 107.28828 | H192: 98.342896 | I192: 102.01843 | J192: 110.15949 | K192: 97.170754 | M192: 0.33145537 | N192: 0.3453586 | O192: 0.33093122 | P192: 0.32151563 | Q192: 0.30572915 | R192: 0.3083129 | S192: 0.27602475
A193: FIN10647/04 | B193: CALIBRA'S DROP OF HONEY | C193: T | D193: 2003 | E193: Nej | F193: 105.58862 | G193: 107.28828 | H193: 98.342896 | I193: 102.01843 | J193: 110.15949 | K193: 97.170754 | M193: 0.33145537 | N193: 0.3453586 | O193: 0.33093122 | P193: 0.32151563 | Q193: 0.30572915 | R193: 0.3083129 | S193: 0.27602475
A194: FIN26673/03 | B194: CALIBRA'S FOOL FOR YOU | C194: T | D194: 2003 | E194: Nej | F194: 101.66097 | G194: 108.84426 | H194: 101.82791 | I194: 103.07567 | J194: 100.69944 | K194: 103.19288 | M194: 0.33411736 | N194: 0.35178346 | O194: 0.33523543 | P194: 0.32177164 | Q194: 0.30336451 | R194: 0.30742703 | S194: 0.25417138
A195: FIN44156/07 | B195: CALIBRA'S GEORGEOTHJUNGLE | C195: H | D195: 2007 | E195: Nej | F195: 107.99151 | G195: 104.09798 | H195: 102.74455 | I195: 95.023477 | J195: 108.44686 | K195: 101.57525 | L195: 89.757355 | M195: 0.5538618 | N195: 0.5904265 | O195: 0.5570553 | P195: 0.52752692 | Q195: 0.4944388 | R195: 0.50450141 | S195: 0.43803477
A196: FIN44156/07 | B196: CALIBRA'S GEORGEOTHJUNGLE | C196: H | D196: 2007 | E196: Nej | F196: 107.99151 | G196: 104.09798 | H196: 102.74455 | I196: 95.023477 | J196: 108.44686 | K196: 101.57525 | L196: 89.757355 | M196: 0.5538618 | N196: 0.5904265 | O196: 0.5570553 | P196: 0.52752692 | Q196: 0.4944388 | R196: 0.50450141 | S196: 0.43803477
A197: FIN44157/07 | B197: CALIBRA'S GOOD CITIZEN | C197: H | D197: 2007 | E197: Nej | F197: 106.81259 | G197: 107.24883 | H197: 104.14026 | I197: 102.34039 | J197: 108.78738 | K197: 99.561222 | M197: 0.36552043 | N197: 0.38577567 | O197: 0.36665043 | P197: 0.35138512 | Q197: 0.33086989 | R197: 0.33564198 | S197: 0.28964479
A198: FIN44157/07 | B198: CALIBRA'S GOOD CITIZEN | C198: H | D198: 2007 | E198: Nej | F198: 106.81259 | G198: 107.24883 | H198: 104.14026 | I198: 102.34039 | J198: 108.78738 | K198: 99.561222 | M198: 0.36552043 | N198: 0.38577567 | O198: 0.36665043 | P198: 0.35138512 | Q198: 0.33086989 | R198: 0.33564198 | S198: 0.28964479
A199: FIN44161/07 | B199: CALIBRA'S GOODNIGHT KISS | C199: T | D199: 2007 | E199: Nej | F199: 106.34267 | G199: 105.84939 | H199: 102.74939 | I199: 100.67346 | J199: 107.10241 | K199: 99.628465 | M199: 0.35916088 | N199: 0.37860049 | O199: 0.36016036 | P199: 0.34558312 | Q199: 0.32564844 | R199: 0.33016391 | S199: 0.28500614
A200: FIN44161/07 | B200: CALIBRA'S GOODNIGHT KISS | C200: T | D200: 2007 | E200: Nej | F200: 106.34267 | G200: 105.84939 | H200: 102.74939 | I200: 100.67346 | J200: 107.10241 | K200: 99.628465 | M200: 0.35916088 | N200: 0.37860049 | O200: 0.36016036 | P200: 0.34558312 | Q200: 0.32564844 | R200: 0.33016391 | S200: 0.28500614
A201: NO45322/13 | B201: CALLIP'S ALL INCLUSIVE | C201: H | D201: 2013 | E201: Ja | F201: 104.40315 | G201: 126.12601 | H201: 97.131313 | I201: 100.83095 | J201: 105.53543 | K201: 109.55698 | L201: 104.37322 | M201: 0.58758896 | N201: 0.63657153 | O201: 0.59242846 | P201: 0.55583792 | Q201: 0.5138105 | R201: 0.52575903 | S201: 0.44779507
A202: NO45320/13 | B202: CALLIP'S ALL STAR | C202: H | D202: 2013 | E202: Ja | F202: 111.56873 | G202: 129.93483 | H202: 92.460737 | I202: 101.04352 | J202: 109.33319 | K202: 121.67391 | L202: 101.40644 | M202: 0.59025228 | N202: 0.63752817 | O202: 0.5953593 | P202: 0.55685802 | Q202: 0.51458326 | R202: 0.52820614 | S202: 0.44851496
A203: NO36645/16 | B203: CALLIP'S CATCH ME IF YOU CAN | C203: T | D203: 2016 | E203: Nej | F203: 107.31502 | G203: 124.59096 | H203: 98.271871 | I203: 104.49744 | J203: 108.73092 | K203: 111.3354 | L203: 99.798006 | M203: 0.44389742 | N203: 0.47403173 | O203: 0.44641671 | P203: 0.42165007 | Q203: 0.39104014 | R203: 0.39983328 | S203: 0.33958852
A204: NO36638/16 | B204: CALLIP'S CHRISTIAN GREY | C204: H | D204: 2016 | E204: Nej | F204: 107.31502 | G204: 124.59096 | H204: 98.271871 | I204: 104.49744 | J204: 108.73092 | K204: 111.3354 | L204: 99.798006 | M204: 0.44389742 | N204: 0.47403173 | O204: 0.44641671 | P204: 0.42165007 | Q204: 0.39104014 | R204: 0.39983328 | S204: 0.33958852
A205: NO37875/22 | B205: CALLIP'S FATHER FIGURE | C205: H | D205: 2022 | E205: Nej | G205: 112.21156 | M205: 0.29423107 | N205: 0.31828367 | O205: 0.29621806 | P205: 0.27957125 | Q205: 0.25705486 | R205: 0.26190269 | S205: 0.22389491
A206: NO37875/22 | B206: CALLIP'S FATHER FIGURE | C206: H | D206: 2022 | E206: Nej | G206: 112.21156 | M206: 0.29423107 | N206: 0.31828367 | O206: 0.29621806 | P206: 0.27957125 | Q206: 0.25705486 | R206: 0.26190269 | S206: 0.22389491
A207: NO37876/22 | B207: CALLIP'S FUTURE FANTASY | C207: T | D207: 2022 | E207: Nej | G207: 112.21156 | M207: 0.29423107 | N207: 0.31828367 | O207: 0.29621806 | P207: 0.27957125 | Q207: 0.25705486 | R207: 0.26190269 | S207: 0.22389491
A208: NO37876/22 | B208: CALLIP'S FUTURE FANTASY | C208: T | D208: 2022 | E208: Nej | G208: 112.21156 | M208: 0.29423107 | N208: 0.31828367 | O208: 0.29621806 | P208: 0.27957125 | Q208: 0.25705486 | R208: 0.26190269 | S208: 0.22389491
A209: SE35942/2019 | B209: CARBINS CHARLIE BROWN | C209: H | D209: 2019 | E209: Ja | F209: 94.48386 | G209: 117.63277 | H209: 116.86488 | I209: 112.99544 | J209: 137.83913 | K209: 98.25317 | L209: 97.106551 | M209: 0.61052264 | N209: 0.65406435 | O209: 0.61507772 | P209: 0.58021682 | Q209: 0.54164957 | R209: 0.55242865 | S209: 0.46009998
A210: SE27846/2011 | B210: CARLITOS ACADEMIC ACE | C210: H | D210: 2011 | E210: Ja | F210: 109.20281 | G210: 120.94869 | H210: 99.27086 | I210: 117.03715 | J210: 106.88283 | K210: 99.474386 | L210: 96.624062 | M210: 0.63737666 | N210: 0.6771876 | O210: 0.64157405 | P210: 0.60983003 | Q210: 0.57401336 | R210: 0.58477294 | S210: 0.50279868
A211: SE27850/2011 | B211: CARLITOS ANGELIC AYASHA | C211: T | D211: 2011 | E211: Ja | F211: 102.16073 | G211: 111.21353 | H211: 94.140066 | I211: 106.2242 | J211: 108.27955 | K211: 99.752359 | L211: 96.637735 | M211: 0.63737666 | N211: 0.67718522 | O211: 0.64157405 | P211: 0.60983554 | Q211: 0.57401795 | R211: 0.58477825 | S211: 0.42079397
A212: SE27848/2011 | B212: CARLITOS ARCTIC AURORA | C212: T | D212: 2011 | E212: Ja | F212: 104.86134 | G212: 118.6461 | H212: 99.116201 | I212: 106.2242 | J212: 113.11247 | K212: 112.23775 | L212: 96.319546 | M212: 0.63737666 | N212: 0.67718522 | O212: 0.64157405 | P212: 0.60983554 | Q212: 0.57401795 | R212: 0.58477825 | S212: 0.50280828
A213: SE53971/2013 | B213: CARLITOS BEAMING BUDDY | C213: H | D213: 2013 | E213: Ja | F213: 111.62848 | G213: 110.35375 | H213: 98.581825 | I213: 128.13787 | J213: 140.00056 | K213: 93.20748 | L213: 99.545455 | M213: 0.65636033 | N213: 0.65090777 | O213: 0.6456311 | P213: 0.631027 | Q213: 0.59824269 | R213: 0.60557256 | S213: 0.42237846
A214: SE53974/2013 | B214: CARLITOS BLOOMING BONNIE | C214: T | D214: 2013 | E214: Ja | F214: 104.58639 | G214: 117.9715 | H214: 95.76344 | I214: 129.18707 | J214: 136.56441 | K214: 96.217799 | L214: 99.545455 | M214: 0.65636033 | N214: 0.65090011 | O214: 0.63353942 | P214: 0.63103222 | Q214: 0.598247 | R214: 0.58161592 | S214: 0.42237846
A215: SE53976/2013 | B215: CARLITOS BLUSHING BERNIZE | C215: T | D215: 2013 | E215: Ja | F215: 112.69625 | G215: 107.77678 | H215: 91.654802 | I215: 117.32489 | J215: 132.93976 | K215: 97.649325 | L215: 97.024206 | M215: 0.65636033 | N215: 0.6878393 | O215: 0.65688077 | P215: 0.63103222 | Q215: 0.598247 | R215: 0.60557758 | S215: 0.50510386
A216: SE53969/2013 | B216: CARLITOS BOUNTIFUL BAILEY | C216: H | D216: 2013 | E216: Ja | F216: 103.51862 | G216: 117.05409 | H216: 94.441646 | I216: 122.86711 | J216: 136.37591 | K216: 93.866106 | L216: 99.545455 | M216: 0.65636033 | N216: 0.65090777 | O216: 0.62049217 | P216: 0.631027 | Q216: 0.59824269 | R216: 0.58161058 | S216: 0.42237846
A217: SE53970/2013 | B217: CARLITOS BRASSY BRUZE | C217: H | D217: 2013 | E217: Ja | F217: 111.62848 | G217: 115.71562 | H217: 98.581825 | I217: 126.82116 | J217: 141.20882 | K217: 93.20748 | L217: 99.545455 | M217: 0.65636033 | N217: 0.65090777 | O217: 0.6456311 | P217: 0.631027 | Q217: 0.59824269 | R217: 0.60557256 | S217: 0.42237846
A218: SE53973/2013 | B218: CARLITOS BREEZY BEVERLY | C218: T | D218: 2013 | E218: Ja | F218: 110.26315 | G218: 108.79974 | H218: 93.263799 | I218: 119.29536 | J218: 127.34603 | K218: 96.428631 | L218: 99.545455 | M218: 0.65952353 | N218: 0.69037499 | O218: 0.66003094 | P218: 0.63394924 | Q218: 0.60105928 | R218: 0.60870394 | S218: 0.42237846
A219: SE53975/2013 | B219: CARLITOS BRILLIANT BRIONA | C219: T | D219: 2013 | E219: Nej | F219: 108.43118 | G219: 113.91789 | H219: 97.608699 | I219: 122.72082 | J219: 132.08504 | K219: 95.344615 | L219: 99.545455 | M219: 0.55981997 | N219: 0.57298139 | O219: 0.55589195 | P219: 0.54340999 | Q219: 0.51985898 | R219: 0.52199927 | S219: 0.42237846
A220: SE53972/2013 | B220: CARLITOS BRONZE BEYONZE | C220: T | D220: 2013 | E220: Ja | F220: 112.11102 | G220: 119.6119 | H220: 93.413276 | I220: 117.2136 | J220: 126.88106 | K220: 93.407339 | L220: 98.452585 | M220: 0.6576013 | N220: 0.68891701 | O220: 0.6579588 | P220: 0.63242989 | Q220: 0.59965357 | R220: 0.60681116 | S220: 0.50578346
... A247: FIN40187/03 | B247: CINNABERRY'S DREAMWEAVER | C247: T | D247: 2003 | E247: Ja | F247: 112.12337 | G247: 122.07155 | H247: 120.4661 | I247: 110.84499 | J247: 115.33987 | K247: 108.86034 | L247: 94.3743 | M247: 0.70267491 | N247: 0.73924905 | O247: 0.70569231 | P247: 0.68089322 | Q247: 0.65025555 | R247: 0.65671304 | S247: 0.59654784
A248: FIN32790/00 | B248: CINNABERRY'S ENDLESS MELODY | C248: T | D248: 2000 | E248: Nej | F248: 101.42554 | G248: 100.46101 | H248: 98.040148 | I248: 97.09161 | J248: 95.039856 | K248: 99.824101 | M248: 0.37492149 | N248: 0.39443926 | O248: 0.3727155 | P248: 0.35532155 | Q248: 0.33262645 | R248: 0.33760922 | S248: 0.2823841
A249: FI52259/20 | B249: CINNABERRY'S EUPHEMIA | C249: T | D249: 2020 | E249: Nej | G249: 104.91115 | M249: 0.2838109 | N249: 0.30214964 | O249: 0.28497649 | P249: 0.27117433 | Q249: 0.25170978 | R249: 0.25575506 | S249: 0.21901268
A250: S31399/2006 | B250: CINNABERRY'S HOLE IN ONE | C250: H | D250: 2006 | E250: Ja | F250: 90.836093 | G250: 109.78496 | H250: 91.620383 | I250: 106.12671 | J250: 108.45975 | K250: 89.927365 | L250: 117.06265 | M250: 0.79799082 | N250: 0.82463271 | O250: 0.79665319 | P250: 0.77646401 | Q250: 0.74690455 | R250: 0.75216921 | S250: 0.67693664
A251: S23619/2006 | B251: CINNABERRY'S HUNGRY HEART | C251: T | D251: 2006 | E251: Ja | F251: 107.58734 | G251: 114.41904 | H251: 98.867257 | I251: 113.33454 | J251: 126.5957 | K251: 94.873567 | L251: 105.64761 | M251: 0.75552444 | N251: 0.78375228 | O251: 0.75766945 | P251: 0.73463477 | Q251: 0.70694929 | R251: 0.71485358 | S251: 0.65405978
A252: FIN16551/02 | B252: CINNABERRY'S ICE FLOWER | C252: T | D252: 2002 | E252: Nej | F252: 98.990277 | G252: 107.58191 | H252: 93.813074 | I252: 103.61037 | J252: 105.6666 | K252: 91.772641 | L252: 106.53956 | M252: 0.56481039 | N252: 0.59012101 | O252: 0.56593271 | P252: 0.54672471 | Q252: 0.52193627 | R252: 0.52778195 | S252: 0.47483918
A253: NHSB2375745 | B253: CINNABERRY'S LION HEART | C253: H | D253: 2002 | E253: Ja | F253: 110.37954 | G253: 110.43426 | H253: 90.649122 | I253: 106.22461 | J253: 113.02073 | K253: 103.07843 | L253: 99.530186 | M253: 0.53022371 | N253: 0.50521115 | O253: 0.45560802 | P253: 0.49611127 | Q253: 0.4534981 | R253: 0.41155263 | S253: 0.18355905
A254: FI16787/19 | B254: CINNABERRY'S MIDNIGHT EXPRESS | C254: H | D254: 2019 | E254: Nej | F254: 106.90839 | G254: 109.29862 | H254: 101.581 | I254: 102.50549 | K254: 101.31389 | M254: 0.34244343 | N254: 0.37187037 | O254: 0.34523581 | P254: 0.32315389 | Q254: 0.29692285 | R254: 0.30377109 | S254: 0.25729375
A255: S29070/2005 | B255: CINNABERRY'S OVERCAST SKY | C255: T | D255: 2004 | E255: Ja | F255: 119.37753 | G255: 116.0057 | H255: 113.39551 | I255: 116.33614 | J255: 115.27091 | K255: 111.16983 | L255: 85.334483 | M255: 0.77107264 | N255: 0.80572872 | O255: 0.77481028 | P255: 0.74490724 | Q255: 0.70978323 | R255: 0.72121469 | S255: 0.63086351
A256: FIN43674/07 | B256: CINNABERRY'S PLAYBOY | C256: H | D256: 2007 | E256: Ja | F256: 103.99057 | G256: 107.44659 | H256: 92.470496 | I256: 102.78046 | J256: 102.6811 | K256: 88.689402 | L256: 107.21356 | M256: 0.57230715 | N256: 0.62076201 | O256: 0.57759712 | P256: 0.54138293 | Q256: 0.50201405 | R256: 0.51353682 | S256: 0.44362547
...

Sheet Provparning
B2: PROVPARNING MENTALINDEX
B3: Ange hanens regnr | D3: =IFERROR(VLOOKUP($B4,Hundar!$A:$S,3,FALSE),"") | E3: Socialitet | F3: Lek | G3: Nyfikenhet/ Orädsla | H3: Avståndslek | I3: Jakt | J3: Aggressivitet | K3: Skott
D4: Avelsvärde | E4: =IF(D3="H",IF(E16>=E14,E15,"Saknas"),"Saknas") -> Saknas | F4: =IF(D3="H",IF(F16>=F14,F15,"Saknas"),"Saknas") -> Saknas | G4: =IF(D3="H",IF(G16>=G14,G15,"Saknas"),"Saknas") -> Saknas | H4: =IF(D3="H",IF(H16>=H14,H15,"Saknas"),"Saknas") -> Saknas | I4: =IF(D3="H",IF(I16>=I14,I15,"Saknas"),"Saknas") -> Saknas | J4: =IF(D3="H",IF(J16>=J14,J15,"Saknas"),"Saknas") -> Saknas | K4: =IF(D3="H",IF(K16>=K14,K15,"Saknas"),"Saknas") -> Saknas
B5: =IFERROR(IF((VLOOKUP($B4,Hundar!$A:$S,3,FALSE) = "H"),(VLOOKUP($B4,Hundar!$A:$S,2,FALSE)),"Ingen hane hittades med angivet registreringsnr."),"Ingen hane hittades med angivet registreringsnr.") -> Ingen hane hittades med angivet registreringsnr. | D5: Säkerhet | E5: =IF(D3="H",IF(E16>=E14,E16,"Saknas"),"Saknas") -> Saknas | F5: =IF(D3="H",IF(F16>=F14,F16,"Saknas"),"Saknas") -> Saknas | G5: =IF(D3="H",IF(G16>=G14,G16,"Saknas"),"Saknas") -> Saknas | H5: =IF(D3="H",IF(H16>=H14,H16,"Saknas"),"Saknas") -> Saknas | I5: =IF(D3="H",IF(I16>=I14,I16,"Saknas"),"Saknas") -> Saknas | J5: =IF(D3="H",IF(J16>=J14,J16,"Saknas"),"Saknas") -> Saknas | K5: =IF(D3="H",IF(K16>=K14,K16,"Saknas"),"Saknas") -> Saknas
E6: =CONCATENATE("Avelsvärdet visas inte om dess säkerhet underskrider ",L14,".",) -> Avelsvärdet visas inte om dess säkerhet underskrider 0.3.
B7: Ange tikens regnr | D7: =IFERROR(VLOOKUP($B8,Hundar!$A:$S,3,FALSE),"") | E7: Socialitet | F7: Lek | G7: Nyfikenhet/ Orädsla | H7: Avståndslek | I7: Jakt | J7: Aggressivitet | K7: Skott
D8: Avelsvärde | E8: =IF(D7="T",IF(E18>=E14,E17,"Saknas"),"Saknas") -> Saknas | F8: =IF(D7="T",IF(F18>=F14,F17,"Saknas"),"Saknas") -> Saknas | G8: =IF(D7="T",IF(G18>=G14,G17,"Saknas"),"Saknas") -> Saknas | H8: =IF(D7="T",IF(H18>=H14,H17,"Saknas"),"Saknas") -> Saknas | I8: =IF(D7="T",IF(I18>=I14,I17,"Saknas"),"Saknas") -> Saknas | J8: =IF(D7="T",IF(J18>=J14,J17,"Saknas"),"Saknas") -> Saknas | K8: =IF(D7="T",IF(K18>=K14,K17,"Saknas"),"Saknas") -> Saknas
B9: =IFERROR(IF((VLOOKUP($B8,Hundar!$A:$S,3,FALSE) = "T"),(VLOOKUP($B8,Hundar!$A:$S,2,FALSE)),"Ingen tik hittades med angivet registreringsnr."),"Ingen tik hittades med angivet registreringsnr.") -> Ingen tik hittades med angivet registreringsnr. | D9: Säkerhet | E9: =IF(D7="T",IF(E18>=E14,E18,"Saknas"),"Saknas") -> Saknas | F9: =IF(D7="T",IF(F18>=F14,F18,"Saknas"),"Saknas") -> Saknas | G9: =IF(D7="T",IF(G18>=G14,G18,"Saknas"),"Saknas") -> Saknas | H9: =IF(D7="T",IF(H18>=H14,H18,"Saknas"),"Saknas") -> Saknas | I9: =IF(D7="T",IF(I18>=I14,I18,"Saknas"),"Saknas") -> Saknas | J9: =IF(D7="T",IF(J18>=J14,J18,"Saknas"),"Saknas") -> Saknas | K9: =IF(D7="T",IF(K18>=K14,K18,"Saknas"),"Saknas") -> Saknas
E10: =CONCATENATE("Avelsvärdet visas inte om dess säkerhet underskrider ",L14,".",) -> Avelsvärdet visas inte om dess säkerhet underskrider 0.3.
D11: Preliminärt kullindex | E11: Socialitet | F11: Lek | G11: Nyfikenhet/ Orädsla | H11: Avståndslek | I11: Jakt | J11: Aggressivitet | K11: Skott
D12: Avelsvärde | E12: =IFERROR((E4+E8)/2,"Saknas") -> Saknas | F12: =IFERROR((F4+F8)/2,"Saknas") -> Saknas | G12: =IFERROR((G4+G8)/2,"Saknas") -> Saknas | H12: =IFERROR((H4+H8)/2,"Saknas") -> Saknas | I12: =IFERROR((I4+I8)/2,"Saknas") -> Saknas | J12: =IFERROR((J4+J8)/2,"Saknas") -> Saknas | K12: =IFERROR((K4+K8)/2,"Saknas") -> Saknas
E13: =CONCATENATE("Preliminärt kullindex beräknas inte om avelsvärdets säkerhet underskrider ",L14) -> Preliminärt kullindex beräknas inte om avelsvärdets säkerhet underskrider 0.3
D14: Gränsvärde | E14: 0.299 | F14: 0.299 | G14: 0.299 | H14: 0.299 | I14: 0.299 | J14: 0.299 | K14: 0.299 | L14: 0.3
D15: Hane avelsvärde | E15: =IFERROR(VLOOKUP($B4,Hundar!$A:$S,6,FALSE),"Saknas") -> Saknas | F15: =IFERROR(VLOOKUP($B4,Hundar!$A:$S,7,FALSE),"Saknas") -> Saknas | G15: =IFERROR(VLOOKUP($B4,Hundar!$A:$S,8,FALSE),"Saknas") -> Saknas | H15: =IFERROR(VLOOKUP($B4,Hundar!$A:$S,9,FALSE),"Saknas") -> Saknas | I15: =IFERROR(VLOOKUP($B4,Hundar!$A:$S,10,FALSE),"Saknas") -> Saknas | J15: =IFERROR(VLOOKUP($B4,Hundar!$A:$S,11,FALSE),"Saknas") -> Saknas | K15: =IFERROR(VLOOKUP($B4,Hundar!$A:$S,12,FALSE),"Saknas") -> Saknas
D16: Hane säkerhet | E16: =IFERROR(VLOOKUP($B4,Hundar!$A:$S,13,FALSE),"Saknas") -> Saknas | F16: =IFERROR(VLOOKUP($B4,Hundar!$A:$S,14,FALSE),"Saknas") -> Saknas | G16: =IFERROR(VLOOKUP($B4,Hundar!$A:$S,15,FALSE),"Saknas") -> Saknas | H16: =IFERROR(VLOOKUP($B4,Hundar!$A:$S,16,FALSE),"Saknas") -> Saknas | I16: =IFERROR(VLOOKUP($B4,Hundar!$A:$S,17,FALSE),"Saknas") -> Saknas | J16: =IFERROR(VLOOKUP($B4,Hundar!$A:$S,18,FALSE),"Saknas") -> Saknas | K16: =IFERROR(VLOOKUP($B4,Hundar!$A:$S,19,FALSE),"Saknas") -> Saknas
D17: Tik avelsvärde | E17: =IFERROR(VLOOKUP($B8,Hundar!$A:$S,6,FALSE),"Saknas") -> Saknas | F17: =IFERROR(VLOOKUP($B8,Hundar!$A:$S,7,FALSE),"Saknas") -> Saknas | G17: =IFERROR(VLOOKUP($B8,Hundar!$A:$S,8,FALSE),"Saknas") -> Saknas | H17: =IFERROR(VLOOKUP($B8,Hundar!$A:$S,9,FALSE),"Saknas") -> Saknas | I17: =IFERROR(VLOOKUP($B8,Hundar!$A:$S,10,FALSE),"Saknas") -> Saknas | J17: =IFERROR(VLOOKUP($B8,Hundar!$A:$S,11,FALSE),"Saknas") -> Saknas | K17: =IFERROR(VLOOKUP($B8,Hundar!$A:$S,12,FALSE),"Saknas") -> Saknas
D18: Tik säkerhet | E18: =IFERROR(VLOOKUP($B8,Hundar!$A:$S,13,FALSE),"Saknas") -> Saknas | F18: =IFERROR(VLOOKUP($B8,Hundar!$A:$S,14,FALSE),"Saknas") -> Saknas | G18: =IFERROR(VLOOKUP($B8,Hundar!$A:$S,15,FALSE),"Saknas") -> Saknas | H18: =IFERROR(VLOOKUP($B8,Hundar!$A:$S,16,FALSE),"Saknas") -> Saknas | I18: =IFERROR(VLOOKUP($B8,Hundar!$A:$S,17,FALSE),"Saknas") -> Saknas | J18: =IFERROR(VLOOKUP($B8,Hundar!$A:$S,18,FALSE),"Saknas") -> Saknas | K18: =IFERROR(VLOOKUP($B8,Hundar!$A:$S,19,FALSE),"Saknas") -> Saknas
D19: Kull säkerhet | E19: =IFERROR(SQRT(((E5^2)+(E9^2))/4),"Saknas") -> Saknas | F19: =IFERROR(SQRT(((F5^2)+(F9^2))/4),"Saknas") -> Saknas | G19: =IFERROR(SQRT(((G5^2)+(G9^2))/4),"Saknas") -> Saknas | H19: =IFERROR(SQRT(((H5^2)+(H9^2))/4),"Saknas") -> Saknas | I19: =IFERROR(SQRT(((I5^2)+(I9^2))/4),"Saknas") -> Saknas | J19: =IFERROR(SQRT(((J5^2)+(J9^2))/4),"Saknas") -> Saknas | K19: =IFERROR(SQRT(((K5^2)+(K9^2))/4),"Saknas") -> Saknas
